 Dungeon Crawl Stone Soup version 0.23-a0-607-g760965b753 (webtiles) character file.

28 Maize the Ruffian (level 3, 0/36 HPs)
             Began as a Troll Monk on Dec 20, 2018.
             Slain by an adder (1 damage)
             ... on level 4 of the Dungeon.
             The game lasted 00:01:30 (376 turns).

Maize the Ruffian (Troll Monk)                       Turns: 376, Time: 00:01:31

Health: 0/36       AC:  5    Str: 20    XL:     3   Next: 0%
Magic:  2/2        EV: 10    Int:  6    God:
Gold:   21         SH:  0    Dex: 12    Spells: 2/2 levels left

rFire    . . .     SeeInvis .     - Unarmed
rCold    . . .     Gourm    +   (no shield)
rNeg     . . .     Faith    .   a - +0 robe
rPois    .         Spirit   .   (helmet restricted)
rElec    .         Reflect  .   (no cloak)
rCorr    .         Harm     .   (gloves unavailable)
MR       .....                  (boots unavailable)
Stlth    ++........             (no amulet)
HPRegen  0.52/turn              (no ring)
MPRegen  0.08/turn              (no ring)

@: lethally poisoned (0 -> -1)
A: large, unfitting armour, claws 3, fast metabolism 3, gourmand, regeneration
1, shaggy fur 1, tough skin 2
a: no special abilities


You were on level 4 of the Dungeon.
You were very full.

You visited 1 branch of the dungeon, and saw 4 of its levels.

You collected 21 gold pieces.

Inventory:

Armour
 a - a +0 robe (worn)
Scrolls
 c - 2 scrolls of blinking {unknown}
 d - a scroll of magic mapping {unknown}
 e - a scroll of amnesia {unknown}
 h - a scroll of random uselessness {unknown}
Potions
 g - a potion of mutation {unknown}
 i - a potion of curing {unknown}
Comestibles
 b - 3 rations


   Skills:
 + Level 2.7 Fighting
 + Level 2.7 Dodging
 + Level 1.2 Stealth
 + Level 3.3 Unarmed Combat


You had 2 spell levels left.
You didn't know any spells.
Your spell library was empty.

Dungeon Overview and Level Annotations

Branches:
Dungeon (4/15)
 Temple: D:4-7

Altars:


Innate Abilities, Weirdness & Mutations

You are too large for most types of armour.
You have claws for hands.
Your metabolism is lightning-fast.
You like to eat raw meat.
Your natural rate of healing is unusually fast.
You are covered in fur. (AC +1)
You have very tough skin. (AC +2)


Message History

There are monsters nearby!
There are monsters nearby!
There are monsters nearby!
There are monsters nearby!
There are monsters nearby!
The adder bites you but does no damage. The adder closely misses you.
The orc barely misses you. The adder bites you.
* * * LOW HITPOINT WARNING * * *
You feel sick. The orc barely misses you. The adder closely misses you.
The adder bites you.
* * * LOW HITPOINT WARNING * * *
The orc completely misses you.
You feel sick. The adder closely misses you. The orc barely misses you.
The adder bites you but does no damage. The adder closely misses you.
The orc hits you with a +0 flail.
* * * LOW HITPOINT WARNING * * *
The adder bites you.
* * * LOW HITPOINT WARNING * * *
The adder bites you.
You die...

#.........###
>......#....
.......#...##
............#
............#
###.........####
...............###
.......<....@.>..#
###......###oS...#
#.......##l...##
....#..)....%...#
#..............##
###....<......##
##..#....####
####..... ##.....


You could see an adder, an orc and a leopard gecko.

Vanquished Creatures
  An ooze (D:1)
  An adder zombie (D:1)
  2 dart slugs (D:1)
  A bat zombie (D:1)
  A giant cockroach (D:1)
  A hobgoblin (D:1)
  3 jackals (D:1)
  A bat (D:1)
  A frilled lizard (D:2)
  3 goblins (D:1)
  A kobold (D:1)
16 creatures vanquished.

Notes
Turn   | Place    | Note
-------+----------+-------------------------------------------
     0 | D:1      | Maize the Troll Monk began the quest for the Orb.
     0 | D:1      | Reached XP level 1. HP: 22/22 MP: 0/0
    54 | D:1      | Reached XP level 2. HP: 29/29 MP: 1/1
   317 | D:2      | Reached XP level 3. HP: 36/36 MP: 2/2
   374 | D:4      | HP: 1/36 [orc/+0 flail (1)]
   376 | D:4      | Slain by an adder

Vault maps used:
D:1:      saegor_arrival_fortress
D:2:      kennysheep_big_flooded_room, nicolae_overflow_crystal_walls,
          evilmike_ruin_ashenzari, lemuel_round_altar, uniq_terence
D:3:      minmay_evil_eye, minmay_misc_feat_hallway
D:4:      zin_scriptorium, lemuel_coloured_pillars_altar, serial_shops,
          nicolae_shop_statue_plus, first_ration

Action                   || total
-------------------------++-------
Melee: Unarmed           ||    42
 Stab: Sleeping          ||     3
  Eat: Chunk             ||     8
Armor: Robe              ||    28
Dodge: Dodged            ||    46

Table legend:
 A = Non-vault XP
 B = Vault XP
 C = Vault XP percentage of total XP
 D = Non-vault monster count
 E = Vault monster count
 F = Vault count percentage of total count
                 A         B        C        D         E       F
            +---------+---------+-------+---------+---------+-------
      Total |      33 |       8 |  19.5 |      14 |       2 |  12.5
            +---------+---------+-------+---------+---------+-------
        D:1 |      32 |       8 |  20.0 |      13 |       2 |  13.3
        D:2 |       1 |       0 |   0.0 |       1 |       0 |   0.0
            +---------+---------+-------+---------+---------+-------
